 Dungeon Crawl Stone Soup version 0.23.2-1-ga50397a (webtiles) character file.

Game seed: 822908098193390644

120242 Lauz the Fencer (level 16, -4/219 HPs)
             Began as a Minotaur Fighter on May 11, 2019.
             Was the Champion of Okawaru.
             Succumbed to an emperor scorpion's poison
             ... on level 2 of the Spider Nest.
             The game lasted 01:28:16 (30516 turns).

Lauz the Fencer (Minotaur Fighter)                 Turns: 30516, Time: 01:28:17

Health: -4/219     AC: 28    Str: 30    XL:     16   Next: 29%
Magic:  22/22      EV:  2    Int:  5    God:    Okawaru [******]
Gold:   1979       SH: 11    Dex: 19    Spells: 15/15 levels left

rFire    + . .     SeeInvis +   c - +5 demon blade (elec)
rCold    . . .     Gourm    .   D - +2 buckler of Exclusion {rCorr Dex+2 Slay+3}
rNeg     + + +     Faith    .   (armour currently unavailable)
rPois    +         Spirit   .   (helmet currently unavailable)
rElec    .         Reflect  .   (cloak currently unavailable)
rCorr    +         Harm     .   (gloves currently unavailable)
MR       +++..     NoTele   +   (boots currently unavailable)
Stlth    ++........             W - amulet "Nagur" {Acrobat rN+ MR+ Dex+2}
HPRegen  0.46/turn              q - ring of poison resistance
MPRegen  0.18/turn              g - ring of the Duchess {rF+ MR+ Str+4 Dex+3 SInv}

@: lethally poisoned (-4 -> -89), tree-form, studying Transmutations
A: (retaliatory headbutt)
a: Heroism, Finesse, Renounce Religion


You were on level 2 of the Spider Nest.
You worshipped Okawaru.
Okawaru was exalted by your worship.
You were very hungry.
You were a tree.
You visited 5 branches of the dungeon, and saw 24 of its levels.
You also visited: Gauntlet.

You collected 1979 gold pieces.

Inventory:

Hand Weapons
 c - a +5 demon blade of electrocution (weapon)
 w - a +2 hand axe of flaming
 z - a +6 blowgun
 K - a +3 scimitar of holy wrath
 Z - the +4 triple sword of the Vestibule of Hell {venom, *Noise rF+++ MP+9}
   (Okawaru gifted it to you on level 2 of the Spider Nest)

   It poisons the flesh of those it strikes.
   It renders you almost immune to fire.
   It affects your magic capacity (+9).
   It may make noises in combat.
Missiles
 a - 22 poisoned needles
 v - 17 javelins (quivered)
 G - 4 needles of sleeping
 T - 4 curare-tipped needles
Armour
 b - a +2 plate armour of positive energy (melded)
 e - a +0 pair of gloves (melded)
 u - a +2 hat of magic resistance (melded)
 C - a +2 cloak of invisibility (melded)
 D - the +2 buckler of Exclusion (worn) {rCorr Dex+2 Slay+3}
   (Okawaru gifted it to you on level 2 of the Lair of Beasts)

   It affects your dexterity (+2).
   It affects your accuracy and damage with ranged weapons and melee attacks
   (+3).
   It provides partial protection from all sources of acid and corrosion.
 J - a +0 plate armour
 Q - the +1 pair of boots of the Seven Emperors (melded) {Str+5 Dex-3}
   (Okawaru gifted it to you on level 13 of the Dungeon)

   It affects your strength (+5).
   It affects your dexterity (-3).
 R - +0 fire dragon scales
 U - a +2 shield of reflection
 X - +0 shadow dragon scales
 Y - a +0 shield of protection
Jewellery
 g - the ring of the Duchess (right branch) {rF+ MR+ Str+4 Dex+3 SInv}
   (You found it in a Gauntlet)

   [ring of dexterity]

   It affects your strength (+4).
   It affects your dexterity (+3).
   It protects you from fire.
   It affects your resistance to hostile enchantments.
   It lets you see invisible.
 j - an uncursed ring of flight
 q - a ring of poison resistance (left branch)
 L - the ring of Jaxeas {+Inv Int+2 Dex+6 Stlth-}
   (You found it on level 12 of the Dungeon)

   [ring of intelligence]

   It affects your intelligence (+2).
   It affects your dexterity (+6).
   It lets you turn invisible.
   It makes you less stealthy.
 M - an uncursed ring of protection from magic
 N - an uncursed ring of protection from fire
 V - the amulet "Zurionut" {Spirit *Slow rF++ rN+ MP-9}
   (You found it in a Gauntlet)

   [amulet of guardian spirit]

   It causes incoming damage to be split between your health and magic.
   It greatly protects you from fire.
   It protects you from negative energy.
   It affects your magic capacity (-9).
   It may slow you when you take damage.
 W - the amulet "Nagur" (around neck) {Acrobat rN+ MR+ Dex+2}
   (You found it in a Gauntlet)

   [amulet of the acrobat]

   It helps you evade while moving and waiting.
   It affects your dexterity (+2).
   It protects you from negative energy.
   It affects your resistance to hostile enchantments.
Wands
 t - a wand of random effects (54)
 E - a wand of paralysis (6)
Scrolls
 d - 4 scrolls of enchant armour
 m - 6 scrolls of blinking
 n - 6 scrolls of identify
 r - 11 scrolls of remove curse
 y - 4 scrolls of enchant weapon
 A - 2 scrolls of amnesia
 F - a scroll of teleportation
 H - a scroll of magic mapping
 S - 2 scrolls of fear
Potions
 h - 5 potions of might
 i - 3 potions of flight
 k - 6 potions of brilliance
 o - 2 potions of invisibility
 s - 2 potions of berserk rage
 x - 3 potions of agility
 P - a potion of resistance
Books
 p - a manual of Transmutations
Comestibles
 f - 34 rations


   Skills:
 + Level 14.3 Fighting
 * Level 19.3 Long Blades
 - Level 2.9 Axes
 + Level 14.4 Armour
 + Level 5.7 Dodging
 + Level 15.3 Shields
 - Level 10.2 Invocations


You had 15 spell levels left.
You didn't know any spells.
Your spell library contained the following spells:

 Spells                   Type           Power        Failure   Level  Hunger
 Animate Skeleton         Necr           N/A          47%         1    ##.....
 Corona                   Hex            #......      47%         1    ##.....
 Flame Tongue             Conj/Fire      #....        47%         1    ##.....
 Magic Dart               Conj           #...         47%         1    ##.....
 Pain                     Necr           #...         47%         1    ##.....
 Shock                    Conj/Air       #...         47%         1    ##.....
 Blink                    Tloc           N/A          63%         2    ###....
 Call Imp                 Summ           #.......     63%         2    ###....
 Poisonous Vapours        Pois/Air       #.....       63%         2    ###....
 Shroud of Golubria       Chrm/Tloc      #.........   63%         2    ###....
 Slow                     Hex            #.......     63%         2    ###....
 Swiftness                Chrm/Air       #.......     63%         2    ###....
 Throw Flame              Conj/Fire      #.....       63%         2    ###....
 Conjure Flame            Conj/Fire      #.......     85%         3    ####...
 Gell's Gravitas          Tloc           #.........   85%         3    ####...
 Inner Flame              Hex/Fire       #.......     85%         3    ####...
 Mephitic Cloud           Conj/Pois/Air  #.......     85%         3    ####...
 Ozocubu's Armour         Chrm/Ice       #.......     85%         3    ####...
 Portal Projectile        Hex/Tloc       #.....       85%         3    ####...
 Regeneration             Chrm/Necr      #.........   85%         3    ####...
 Spectral Weapon          Hex/Chrm       #.......     85%         3    ####...
 Static Discharge         Conj/Air       #.......     85%         3    ####...
 Vampiric Draining        Necr           #.........   85%         3    ####...
 Airstrike                Air            #.........   99%         4    #####..
 Animate Dead             Necr           N/A          99%         4    #####..
 Cause Fear               Hex            #.........   99%         4    #####..
 Force Lance              Conj/Tloc      #.......     99%         4    #####..
 Leda's Liquefaction      Hex/Erth       #.........   99%         4    #####..
 Sticky Flame             Conj/Fire      #.......     99%         4    #####..
 Excruciating Wounds      Chrm/Necr      #.........   100%        5    ######.
 Fireball                 Conj/Fire      #.........   100%        5    ######.
 Irradiate                Conj/Tmut      #.........   100%        5    ######.
 Iskenderun's Battlesphe  Conj/Chrm      #.......     100%        5    ######.
 Lightning Bolt           Conj/Air       #.........   100%        5    ######.
 Dispersal                Tloc           #.........   100%        6    #######
 Freezing Cloud           Conj/Ice/Air   #.........   100%        6    #######
 Hydra Form               Tmut           #.........   100%        6    #######
 Statue Form              Tmut/Erth      #........    100%        6    #######
 Dragon Form              Tmut           #.........   100%        7    #######
 Ring of Flames           Chrm/Fire      #.........   100%        7    #######
 Controlled Blink         Tloc           N/A          100%        8    #######
 Disjunction              Tloc           #.........   100%        8    #######


Dungeon Overview and Level Annotations

Branches:
Dungeon (13/15)            Temple (1/1) D:7            Lair (5/6) D:10
 Spider (3/4) Lair:4        Slime (0/5) Lair:5          Orc (2/2) D:11
    Elf (0/3) Orc:2        Vaults (0/5) D:13
  Swamp: Lair:2-4    Shoals: Lair:2-4

Altars:
Ashenzari
Cheibriados
Dithmenos
Elyvilon
Fedhas
Gozag
Hepliaklqana
Kikubaaqudgha
Makhleb
Nemelex Xobeh
Okawaru
Qazlal
Ru
Sif Muna
Trog
Uskayaw
Vehumet
Wu Jian
Xom
Yredelemnul
Zin
The Shining One
Beogh

Shops:
D:5 !   D:8 =   D:11 }   Orc:2 *[[[

Annotations:
D:10 1 transporter, diana's ghost, novice DsGl


Innate Abilities, Weirdness & Mutations

((You reflexively headbutt those who attack you in melee.))
((You have a pair of horns on your head.))
((Armour fits poorly on your strangely shaped body.))


Message History

Wisps of shadow whirl around you...
* * * LOW HITPOINT WARNING * * *
You feel very sick. The emperor scorpion stings you.
* * * LOW HITPOINT WARNING * * *
You are more poisoned.
The emperor scorpion poisons you!
The emperor scorpion claws you but does no damage.
You block the emperor scorpion's attack.
Really quaff the potion of lignification?
You turn into a tree.
Your +2 cloak of invisibility melds into your body.
Your +2 hat of magic resistance melds into your body.
Your +0 pair of gloves melds into your body.
The +1 pair of boots of the Seven Emperors {Str+5 Dex-3} melds into your body.
Your +2 plate armour of positive energy melds into your body.
You feel less resistant to hostile enchantments.
You feel less protected from negative energy.
Your roots penetrate the ground.
You die...

.^......#...^.....#
....#.......##....#
......#....#..#...#
#......#.#....#####
..##.#...#.#.####
...#^.........#.#
.#.........#...s##
#.....#..#.....#s#
....#^#....##.ss♣#
.#.......^#...#..#
.^..#..#.....#####
###....#.......#
.......#.../...##
...#.#^.^#..###.#
#.#(.(#.#.#.....#
.......##.......#
#..##.(......#.##


You could see an emperor scorpion, a friendly wolf spider, a friendly orb spider
and a friendly tarantella.

Vanquished Creatures
  Arachne (Spider:2)
  Nikola (Spider:1)
  Rupert (Spider:1)
  Donald (Spider:2)
  An orc warlord (Orc:2)
  A ghost moth (Spider:2)
  An emperor scorpion (Spider:2)
  4 entropy weavers
  A minotaur (Gauntlet)
  The ghost of Canard the Cleaver, a journeyman OpBe of Trog (D:12)
  7 hydras
  Fannar (D:10)
  An ogre mage (Orc:1)
  3 centaur warriors
  A death knight (D:13)
  A queen ant (Spider:1)
  9 two-headed ogres
  4 orc high priests (Orc:2)
  Sonja (Lair:1)
  A shadow wraith (D:13)
  3 skeletal warriors (D:13)
  An unseen horror (D:13)
  7 orb spiders
  Pikel (D:9)
  3 orc knights (Orc:2)
  24 wolf spiders
  An ugly thing (D:12)
  2 deep elf magi
  4 orc sorcerers
  4 torpor snails
  A gargoyle (D:13)
  7 spiny frogs
  A rime drake (Lair:4)
  13 demonic crawlers
  5 komodo dragons
  3 meliai (D:11)
  8 trolls
  4 polar bears
  A slime creature (shapeshifter) (D:13)
  25 jumping spiders
  2 large abominations (Gauntlet)
  7 hippogriffs
  12 slime creatures
  A hornet (Spider:2)
  9 dream sheep
  14 blink frogs
  4 flying skulls (Gauntlet)
  51 redbacks
  A yak (shapeshifter) (D:13)
  Grum (Lair:1)
  35 tarantellas
  4 wyverns
  15 yaks
  7 basilisks
  4 neqoxecs
  3 chaos spawn (Gauntlet)
  A hungry ghost (D:13)
  3 wargs (Orc:2)
  5 water moccasins
  4 porcupines
  21 soldier ants (Spider:1)
  2 slaves (D:9)
  3 ice beasts
  9 black bears
  An eye of draining (D:13)
  A necrophage (D:12)
  41 orc warriors
  3 sky beasts
  18 ogres
  2 phantoms
  13 wolves
  6 centaurs
  13 big kobolds
  7 crocodiles
  16 bullfrogs
  10 gnoll sergeants (D:11)
  4 small abominations (Gauntlet)
  2 killer bees (D:10)
  3 scorpions
  3 wights (D:7)
  An electric eel (Lair:5)
  4 howler monkeys
  8 crimson imps
  7 quasits
  3 centaur zombies
  9 hounds
  5 jellies
  31 orc priests
  3 bullfrog skeletons
  4 centaur skeletons
  19 orc wizards
  Jessica (D:2)
  5 iguanas
  32 worker ants
  A killer bee zombie (D:8)
  A hound zombie (D:5)
  A worker ant zombie (D:9)
  Robin (D:3)
  A howler monkey zombie (D:8)
  13 gnolls
  4 adders
  8 shadow imps
  2 adder zombies
  An adder skeleton (D:7)
  3 worms
  4 leopard geckos
  137 orcs
  4 giant cockroaches
  13 goblins
  7 hobgoblins
  16 jackals
  4 quokkas
  A ball python (D:2)
  5 bats
  5 frilled lizards
  A jackal skeleton (D:6)
  A jackal zombie (D:6)
  21 kobolds
  2 leopard gecko skeletons (D:6)
  3 rats (D:1)
913 creatures vanquished.

Vanquished Creatures (others)
  A two-headed ogre (D:9)
  An unseen horror (D:8)
  A redback (Spider:3)
  An orc warrior (D:10)
  17 fungi (D:10)
  A plant (D:10)
22 creatures vanquished.

Grand Total: 935 creatures vanquished

Notes
Turn   | Place    | Note
-------+----------+-------------------------------------------
     0 | D:1      | Lauz the Minotaur Fighter began the quest for the Orb.
     0 | D:1      | Reached XP level 1. HP: 19/19 MP: 0/0
   301 | D:1      | Reached XP level 2. HP: 27/27 MP: 1/1
  1105 | D:2      | Reached XP level 3. HP: 30/33 MP: 2/2
  1263 | D:2      | Reached skill level 3 in Long Blades
  1588 | D:3      | Noticed Jessica
  1608 | D:2      | Reached XP level 4. HP: 24/41 MP: 3/3
  1747 | D:2      | Reached skill level 4 in Long Blades
  1749 | D:2      | Killed Jessica
  1957 | D:3      | Found a shattered altar of Ashenzari.
  2113 | D:3      | Reached XP level 5. HP: 47/47 MP: 4/4
  2200 | D:3      | Reached skill level 1 in Dodging
  2274 | D:3      | Noticed Robin
  2287 | D:3      | Killed Robin
  2475 | D:3      | Reached skill level 5 in Long Blades
  2755 | D:4      | Identified the Grimoire of Floating Conjuration
  2945 | D:4      | Reached XP level 6. HP: 53/53 MP: 5/5
  3530 | D:5      | Entered Level 5 of the Dungeon
  3538 | D:5      | Reached skill level 6 in Long Blades
  3676 | D:5      | Reached skill level 5 in Shields
  3879 | D:5      | Reached skill level 5 in Fighting
  3879 | D:5      | Reached XP level 7. HP: 29/61 MP: 6/6
  4056 | D:5      | Reached skill level 5 in Armour
  4089 | D:5      | Reached skill level 7 in Long Blades
  4297 | D:5      | Found Xown's Distillery.
  4351 | D:5      | Found a white marble altar of Elyvilon.
  4351 | D:5      | Found a basalt altar of Yredelemnul.
  4352 | D:5      | Found a deep blue altar of Sif Muna.
  4352 | D:5      | Found an ornate altar of the Wu Jian Council.
  4671 | D:6      | Reached skill level 8 in Long Blades
  4679 | D:6      | Reached XP level 8. HP: 34/68 MP: 7/7
  5418 | D:7      | Found a staircase to the Ecumenical Temple.
  5535 | Temple   | Entered the Ecumenical Temple
  5576 | Temple   | Became a worshipper of Warmaster Okawaru
  6046 | D:7      | Reached skill level 9 in Long Blades
  6344 | D:7      | Reached * piety under Okawaru
  6828 | D:8      | Found Riororph's Jewellery Boutique.
  6884 | D:8      | Reached skill level 10 in Long Blades
  6912 | D:8      | Reached XP level 9. HP: 72/75 MP: 8/8
  6926 | D:8      | Got a warped battleaxe
  7074 | D:8      | Reached ** piety under Okawaru
  7118 | D:8      | Reached skill level 11 in Long Blades
  7124 | D:8      | Found a large runed translucent door.
  7125 | D:8      | Found a large runed translucent door.
  7131 | D:8      | Noticed a centaur warrior
  7161 | D:8      | Killed a centaur warrior
  7307 | D:8      | Reached *** piety under Okawaru
  7473 | D:8      | Reached skill level 12 in Long Blades
  7484 | D:8      | Reached XP level 10. HP: 74/84 MP: 9/9
  7561 | D:8      | Noticed a two-headed hydra
  7580 | D:8      | Killed a one-headed hydra
  7864 | D:8      | Reached skill level 13 in Long Blades
  7870 | D:8      | Reached **** piety under Okawaru
  7953 | D:8      | Found a basalt altar of Yredelemnul.
  7955 | D:8      | Noticed a deep elf mage
  7964 | D:8      | Killed an unseen horror
  7964 | D:8      | Reached skill level 1 in Axes
  7983 | D:8      | Killed a deep elf mage
  8199 | D:8      | Found a burning altar of Makhleb.
  9480 | D:9      | Noticed a two-headed ogre
  9485 | D:9      | Banished a two-headed ogre
  9493 | D:9      | Noticed Pikel
  9535 | D:9      | Killed Pikel
  9535 | D:9      | Reached skill level 1 in Invocations
  9610 | D:10     | Entered Level 10 of the Dungeon
  9650 | D:10     | Reached skill level 14 in Long Blades
  9689 | D:10     | Reached XP level 11. HP: 77/94 MP: 11/11
  9765 | D:10     | Noticed Fannar
  9812 | D:9      | Identified the +6 battleaxe "Ogreslayer" {drain, Int-2
                  | Dex+6} (You found it on level 8 of the Dungeon)
  9983 | D:10     | Killed Fannar
  9983 | D:10     | Received a gift from Okawaru
 10253 | D:10     | Found a staircase to the Lair.
 10285 | D:10     | Noticed a centaur warrior
 10297 | D:10     | Killed a centaur warrior
 10297 | D:10     | Reached ***** piety under Okawaru
 10314 | D:10     | Noticed diana's ghost (novice DsGl)
 10322 | D:10     | Found a transporter.
 10408 | D:10     | Found a transporter.
 10973 | D:10     | Found a roughly hewn altar of Beogh.
 11684 | D:11     | Reached skill level 10 in Shields
 12036 | D:11     | Noticed a two-headed ogre
 12041 | D:11     | Killed a two-headed ogre
 12234 | D:11     | Found a staircase to the Orcish Mines.
 12874 | D:11     | Found Puntea Ekoa's Gadget Emporium.
 12918 | D:12     | Received a gift from Okawaru
 13274 | D:12     | Noticed a cyan ugly thing
 13295 | D:12     | Killed a cyan ugly thing
 13295 | D:12     | Reached XP level 12. HP: 89/105 MP: 12/14
 13381 | D:12     | Reached skill level 15 in Long Blades
 13522 | D:12     | Found a transporter.
 13525 | D:12     | Noticed Canard's ghost (journeyman OpBe)
 13551 | D:12     | Found a transporter.
 13616 | D:12     | Found a blossoming altar of Fedhas.
 13950 | D:12     | Gained mutation: Armour fits poorly on your strangely
                  | shaped body. [a neqoxec]
 13971 | D:12     | Killed Canard's ghost
 13971 | D:12     | Reached skill level 10 in Fighting
 13971 | D:12     | Reached skill level 5 in Invocations
 14169 | D:12     | Got the ring of Jaxeas {Int+2}
 14177 | D:12     | Identified the ring of Jaxeas {+Inv Int+2 Dex+6 Stlth-}
                  | (You found it on level 12 of the Dungeon)
 14239 | D:13     | Noticed a death knight
 14260 | D:13     | Killed a death knight
 14260 | D:13     | Reached skill level 10 in Armour
 14603 | D:13     | Noticed a six-headed hydra
 14616 | D:13     | Killed a one-headed hydra
 14973 | D:13     | Noticed a centaur warrior
 14983 | D:13     | Killed a centaur warrior
 14983 | D:13     | Received a gift from Okawaru
 14991 | D:13     | Got a pair of ichor-stained boots {god gift}
 15002 | D:13     | Identified the +1 pair of boots of the Seven Emperors
                  | {Str+5 Dex-3} (Okawaru gifted it to you on level 13 of the
                  | Dungeon)
 15290 | D:13     | Noticed a two-headed ogre
 15307 | D:13     | Killed a two-headed ogre
 15918 | D:13     | Reached XP level 13. HP: 92/115 MP: 16/16
 16852 | D:13     | Found a gate to the Vaults.
 16894 | D:13     | Noticed an ettin
 17214 | Lair:1   | Entered Level 1 of the Lair of Beasts
 17227 | Lair:1   | Found a gate leading to a gauntlet.
 17231 | Gauntlet | Entered a Gauntlet
 17231 | Gauntlet | Found a transporter.
 17234 | Gauntlet | Found a transporter.
 17237 | Gauntlet | Found a transporter.
 17246 | Gauntlet | Found a transporter.
 17248 | Gauntlet | Found a transporter.
 17257 | Gauntlet | Found a transporter.
 17304 | Gauntlet | Found a transporter.
 17304 | Gauntlet | Noticed a cacodemon
 17312 | Gauntlet | Found the +0 Maxwell's etheric cage {RegenMP+ *Contam rElec
                  | MP+4}
 17314 | Gauntlet | Found a transporter.
 17318 | Gauntlet | Found a transporter.
 17321 | Gauntlet | Found a transporter.
 17327 | Gauntlet | Found the ring of Phasing {EV+8}
 17330 | Gauntlet | Found a transporter.
 17335 | Gauntlet | Found a transporter.
 17392 | Gauntlet | Found a transporter.
 17407 | Gauntlet | Found a transporter.
 17610 | Gauntlet | Got a translucent silver ring
 17738 | Gauntlet | Got a fine ivory amulet
 17740 | Gauntlet | Got an ancient ruby amulet
 17741 | Gauntlet | Identified the amulet "Zurionut" {Spirit *Slow rF++ rN+
                  | MP-9} (You found it in a Gauntlet)
 17742 | Gauntlet | Identified the amulet "Nagur" {Acrobat rN+ MR+ Dex+2} (You
                  | found it in a Gauntlet)
 17836 | Gauntlet | Noticed a minotaur
 17858 | Gauntlet | Killed a minotaur
 17866 | Gauntlet | Identified Ytsuub's Papyrus of Good Luck
 17972 | Lair:1   | Noticed Sonja
 17980 | Lair:1   | Killed Sonja
 18155 | Lair:1   | Noticed Grum
 18163 | Lair:1   | Killed Grum
 18377 | Lair:1   | Identified the ring of the Duchess {rF+ MR+ Str+4 Dex+3
                  | SInv} (You found it in a Gauntlet)
 18845 | Lair:2   | Reached skill level 5 in Dodging
 18848 | Lair:2   | Reached skill level 16 in Long Blades
 19442 | Lair:2   | Received a gift from Okawaru
 19445 | Lair:2   | Got a twisted buckler {god gift}
 19456 | Lair:2   | Identified the +2 buckler of Exclusion {rCorr Dex+2 Slay+3}
                  | (Okawaru gifted it to you on level 2 of the Lair of Beasts)
 20277 | Lair:2   | Identified the +2 hat of the Hunter {+Fly rC- Int+2 SInv}
                  | (You found it on level 2 of the Lair of Beasts)
 20653 | Lair:3   | Found a shimmering altar of Xom.
 20654 | Lair:3   | You fall through a shaft!
 20869 | Lair:4   | Found a hole to the Spider Nest.
 21194 | Lair:4   | Reached XP level 14. HP: 125/125 MP: 19/19
 22032 | Lair:5   | Found a staircase to the Slime Pits.
 22272 | Orc:1    | Entered Level 1 of the Orcish Mines
 22404 | Orc:1    | Received a gift from Okawaru
 22542 | Orc:1    | Reached skill level 17 in Long Blades
 22749 | Orc:2    | Entered Level 2 of the Orcish Mines
 22787 | Orc:2    | Reached ****** piety under Okawaru
 22857 | Orc:2    | Found a roughly hewn altar of Beogh.
 23046 | Orc:2    | Found Ysaodit's Assorted Antiques.
 23111 | Orc:2    | Found Ohomuyn's Armour Shoppe.
 23487 | Orc:2    | Received a gift from Okawaru
 23507 | Orc:2    | Found a staircase to the Elven Halls.
 23708 | Orc:2    | Received a gift from Okawaru
 23751 | Orc:2    | Noticed an orc warlord
 24005 | Orc:2    | Killed an orc warlord
 24062 | Orc:2    | Found a roughly hewn altar of Beogh.
 24078 | Orc:2    | Found Faeluw's Armour Emporium.
 24310 | Orc:2    | Found Mauckaq's Armour Boutique.
 24804 | Spider:1 | Entered Level 1 of the Spider Nest
 25007 | Spider:1 | Noticed an entropy weaver
 25032 | Spider:1 | Killed an entropy weaver
 25032 | Spider:1 | Received a gift from Okawaru
 25146 | Spider:1 | Received a gift from Okawaru
 25146 | Spider:1 | Reached XP level 15. HP: 98/134 MP: 21/21
 25286 | Spider:1 | Noticed Nikola
 25312 | Spider:1 | Killed Nikola
 25312 | Spider:1 | Reached skill level 18 in Long Blades
 25960 | Spider:1 | Noticed Rupert
 25975 | Spider:1 | Killed Rupert
 25998 | Spider:1 | You fall through a shaft!
 26017 | Spider:2 | Reached skill level 10 in Invocations
 26034 | Spider:2 | Received a gift from Okawaru
 26063 | Spider:2 | Got a shimmering triple sword {god gift}
 26709 | Spider:2 | Identified the +4 triple sword of the Vestibule of Hell
                  | {venom, *Noise rF+++ MP+9} (Okawaru gifted it to you on
                  | level 2 of the Spider Nest)
 27031 | Spider:3 | Noticed a ghost moth
 27039 | Spider:2 | Killed a ghost moth
 27039 | Spider:2 | Received a gift from Okawaru
 28091 | Spider:2 | Reached skill level 19 in Long Blades
 28952 | Spider:3 | Noticed Donald
 28953 | Spider:3 | Noticed Arachne
 28983 | Spider:2 | Reached XP level 16. HP: 45/145 MP: 22/22
 29628 | Spider:2 | Reached skill level 15 in Shields
 29878 | Spider:2 | Killed Donald
 30119 | Spider:3 | Received a gift from Okawaru
 30447 | Spider:2 | Killed Arachne
 30515 | Spider:2 | HP: 2/146 [emperor scorpion (6)]
 30516 | Spider:2 | Succumbed to an emperor scorpion's poison

Skill      XL: |  1  2  3  4  5  6  7  8  9 10 11 12 13 14 15 16 |
---------------+-------------------------------------------------+-----
Fighting       | 4 5 6 8 9 10 11 12 13 14 | 14.3
Shields        | 4 5 6 8 9 10 12 13 14 15 | 15.3
Armour         | 4 5 6 7 9 10 11 12 14 | 14.4
Long Blades    | 3 4 5 6 8 10 12 14 15 16 17 19 | 19.3
Dodging        | 1 2 3 4 5 |  5.7
Axes           | 1 2 |  2.9
Invocations    | 1 4 6 8 9 10 | 10.2

Action                   |  1- 3 |  4- 6 |  7- 9 | 10-12 | 13-15 | 16-18 || total
-------------------------+-------+-------+-------+-------+-------+-------++-------
Melee: Long sword        |    84 |   179 |   336 |   695 |       |       ||  1294
       Headbutt          |    16 |    33 |    45 |   220 |   402 |    46 ||   762
       Hand axe          |       |       |       |    15 |    34 |       ||    49
       Scimitar          |       |       |       |   185 |   423 |       ||   608
       Demon blade       |       |       |       |       |   640 |   105 ||   745
 Fire: Blowgun           |       |       |       |       |     9 |     6 ||    15
Invok: Heroism           |       |       |       |     7 |     2 |       ||     9
       Finesse           |       |       |       |       |     2 |       ||     2
Evoke: Wand              |       |       |       |       |     1 |       ||     1
  Use: Scroll            |       |     6 |     6 |     8 |    15 |     4 ||    39
       Potion            |       |     1 |     9 |     3 |     3 |     2 ||    18
 Stab: Paralysed         |       |       |       |       |     1 |       ||     1
  Eat: Chunk             |     2 |     8 |    11 |    19 |    27 |     1 ||    68
       Ration            |       |       |       |     3 |     4 |     1 ||     8
Armor: Scale mail        |    46 |    58 |    53 |       |       |       ||   157
       Chain mail        |       |       |    63 |    80 |       |       ||   143
       Skin              |       |       |    11 |       |       |       ||    11
       Plate armour      |       |       |       |   239 |   487 |   146 ||   872
Dodge: Dodged            |    26 |    76 |    91 |   185 |   561 |   115 ||  1054
Block: Shield            |    52 |   118 |   191 |   470 |   181 |       ||  1012
       Buckler           |       |       |       |       |   457 |   105 ||   562
       Rpst.: Long sword |     4 |    19 |    24 |    28 |       |       ||    75
       Scimitar          |       |       |       |     8 |    41 |       ||    49
       Demon blade       |       |       |       |       |    77 |    19 ||    96
